AoeStats
← 一剑扫秋风nelson

African Clearing

504672973Analyzed
4v4 RM · 26d ago on Sep 6, 2026· 45m 9s· 8 players
Game mode
Random Map
Map size
Large (8 player)
Population
200
Speed
Normal
Resources
Standard
Victory
Conquest
Starting age
Dark Age
Ending age
Imperial Age
RankedLock teamsTeams togetherTeam positionsShared explorationLock speedFull tech treeHidden civsTurbo modeCheats
Victory
Defeat
1894
+8
🇩🇴 Slavs · Dominican Republic
1804
+11
🇺🇸 Koreans · United States
1659
+17
🇮🇳 Turks · India
1628
+17
🇨🇳 Dravidians · China
1715
-14
🇨🇳 Japanese · China
1697
-14
🇨🇳 Mongols · China
1687
-13
🇨🇳 Inca · China
1647
-12
回忆里太多好
11:12 Loom
13:52 Feudal Age
15:04 Town Watch
17:53 Castle Age
16:55 Double-Bit Axe
21:55 Horse Collar
22:53 Fishing Lines
26:04 Gold Mining
26:42 Fletching
27:30 Bodkin Arrow
29:10 Bloodlines
30:23 Husbandry
32:24 Padded Archer Armor
33:50 Bow Saw
35:49 Ballistics
40:29 Wheelbarrow
SAVIOR
12:38 Feudal Age
14:06 Loom
17:04 Castle Age
15:40 Double-Bit Axe
18:27 Horse Collar
22:55 Fletching
25:13 Wheelbarrow
25:01 Fletching
26:13 Bodkin Arrow
34:15 Imperial Age
32:08 Padded Archer Armor
33:37 Leather Archer Armor
33:35 Bloodlines
33:25 Husbandry
33:48 Ballistics
33:36 Stone Mining
33:36 Gold Mining
34:40 Elite Mangudai
37:07 Chemistry
36:09 Bracer
37:15 Conscription
37:41 Thumb Ring
37:17 Capped Ram
38:44 Siege Ram
40:17 Parthian Tactics
灵魂恰恰恰
13:37 Feudal Age
17:09 Castle Age
16:05 Double-Bit Axe
17:26 Loom
18:32 Bow Saw
21:16 Horse Collar
24:14 Forging
27:11 Wheelbarrow
28:29 Heavy Plow
33:00 Imperial Age
30:16 Town Watch
30:55 Scale Mail Armor
31:30 Iron Casting
31:33 Squires
32:26 Hand Cart
32:09 Arson
32:46 Town Patrol
33:11 Elite Kamayuk
34:23 Chain Mail Armor
35:20 Conscription
36:22 Plate Mail Armor
36:20 Gold Mining
36:21 Stone Mining
37:03 Crop Rotation
37:20 Capped Ram
38:28 Guilds
38:14 Siege Ram
41:30 Gold Shaft Mining
41:30 Stone Shaft Mining
45:42 Blast Furnace
45:28 Fletching
mesa
7:21 Loom
9:59 Loom
12:34 Feudal Age
16:46 Castle Age
15:30 Double-Bit Axe
16:18 Horse Collar
26:36 Fletching
37:00 Town Watch
38:52 Bodkin Arrow
40:11 Bow Saw
40:39 Padded Archer Armor
42:06 Wheelbarrow
45:20 Imperial Age
一剑扫秋风nelson
11:20 Feudal Age
12:03 Double-Bit Axe
12:35 Loom
14:21 Forging
17:46 Horse Collar
21:52 Castle Age
20:49 Scale Barding Armor
21:19 Bloodlines
22:39 Heavy Plow
30:22 Chain Barding Armor
31:40 Husbandry
32:50 Fletching
33:21 Town Watch
34:16 Wheelbarrow
38:31 Imperial Age
37:19 Iron Casting
37:48 Gold Mining
38:03 Bodkin Arrow
38:28 Hill Forts
39:21 Hand Cart
39:49 Plate Barding Armor
38:41 Cavalier
40:13 Crop Rotation
39:37 Stone Mining
40:14 Paladin
41:55 Conscription
41:09 Light Cavalry
42:19 Bow Saw
42:49 Winged Hussar
44:44 Coinage
44:28 Bracer
45:45 Stone Shaft Mining
URU | KING RICO
5:47 Loom
11:40 Feudal Age
12:14 Town Watch
12:16 Double-Bit Axe
16:18 Forging
16:41 Scale Barding Armor
21:48 Castle Age
20:23 Gold Mining
21:03 Bloodlines
22:42 Wheelbarrow
22:47 Bow Saw
24:09 Husbandry
25:53 Chain Barding Armor
29:28 Horse Collar
32:55 Sanctity
35:14 Fletching
43:10 Imperial Age
42:28 Heavy Plow
43:14 Cavalier
Issue
14:04 Feudal Age
17:44 Castle Age
15:56 Double-Bit Axe
16:09 Horse Collar
17:59 Loom
18:54 Bow Saw
25:06 Padded Archer Armor
32:17 Imperial Age
30:34 Wheelbarrow
30:39 Stone Mining
32:49 Hand Cart
32:20 Town Watch
33:42 Bombard Tower
34:35 Fletching
35:21 Bodkin Arrow
35:32 Artillery
36:19 Bodkin Arrow
37:14 Conscription
37:13 Gold Mining
39:07 Elite Janissary
43:04 Scale Barding Armor
44:14 Two-Man Saw
43:15 Heavy Plow
43:45 Bracer
44:07 Chain Barding Armor
44:20 Forging
44:26 Bloodlines
44:17 Husbandry
45:52 Plate Barding Armor
Ohlan100
4:03 Loom
14:42 Feudal Age
18:41 Castle Age
18:50 Double-Bit Axe
20:37 Bow Saw
26:18 Fletching
27:08 Bodkin Arrow
28:23 Ballistics
28:45 Gold Mining
31:05 Horse Collar
33:36 Gold Shaft Mining
34:37 Wheelbarrow
41:07 Imperial Age
39:53 Hand Cart
41:08 Capped Ram
41:52 Bracer
43:00 Conscription
44:30 Chemistry
Connection lost

Rejoining the realm…

Still unreachable

The connection could not be restored.

Session expired

The server has moved on; the page needs a fresh start.